Map: Beckett Industries LE

Players

Pugz

  • Race: Terran Terran

DoHMaN - Winner!

  • Race: Zerg Zerg

VOD

Have the link to the VOD?

Description

Time

  • Played on: Sept. 2, 2021, 4:27 p.m.
  • Length: 9:55
Show
View Real Time Build Order
Export as new Build Order

Pugz Terran 

Build Orders:  

Get SALT Encoding   

  12  0:02  SCV  
  13  0:17  Supply Depot  
  13  0:18  SCV  
  14  0:30  SCV  
  15  0:40  Barracks  
  15  0:42  SCV  
  16  0:52  Refinery  
  16  0:54  SCV  
  17  1:06  SCV  
  18  1:18  SCV  
  19  1:30  SCV  
  20  1:39  Command Center  
  20  1:44  Reaper  
  22  1:57  Orbital Command, Refinery  
  21  2:06  Supply Depot  
  21  2:19  Marine  
  22  2:26  SCV  
  23  2:33  Factory  
  23  2:38  SCV  
  23  2:39  Barracks Reactor  
  24  2:50  SCV  
  25  3:02  SCV  
  25  3:04  Orbital Command  
  26  3:14  SCV  
  27  3:26  SCV  
  28  3:33  SCV  
  29  3:38  SCV  
  30  3:45  SCV  
  31  3:50  Starport  
  31  3:51  SCV  
  32  3:58  SCV  
  32  3:59  Hellion x2  
  32  4:00  Barracks Tech Lab  
  37  4:03  SCV  
  38  4:10  SCV  
  38  4:15  SCV  
  40  4:22  SCV  
  40  4:24  Supply Depot  
  40  4:25  Hellion x2  
  40  4:26  Command Center  
  40  4:27  SCV  
  40  4:28  Stimpack  
  40  4:30  Starport Reactor  
  45  4:32  Marine, Barracks  
  48  4:45  SCV x2  
  48  4:48  Supply Depot  
  48  4:50  Marine  
  49  4:57  SCV x2, Armory  
  51  5:06  Refinery  
  51  5:08  Marine  
  51  5:10  Medivac, SCV x2  
  56  5:19  Supply Depot  
  56  5:21  Barracks Reactor  
  56  5:22  SCV  
  56  5:24  SCV  
  56  5:25  Marine  
  59  5:34  SCV  
  60  5:36  SCV  
  60  5:37  Refinery  
  61  5:43  Marine  
  61  5:46  Orbital Command, SCV  
  61  5:48  Supply Depot, SCV  
  64  5:58  SCV  
  64  6:00  SCV  
  64  6:01  Marine  
  67  6:10  SCV  
  68  6:13  SCV  
  68  6:14  Hellion x4  
  69  6:19  Marine  
  69  6:21  Marine  
  69  6:22  SCV  
  69  6:24  Orbital Command  
  69  6:25  SCV  
  73  6:26  Combat Shield, Barracks  
  73  6:30  Barracks  
  73  6:34  SCV  
  73  6:37  SCV, Marine  
  76  6:46  SCV, Marine x2  
  79  6:49  SCV  
  79  6:52  Engineering Bay  
  79  6:53  Engineering Bay  
  78  6:54  Marine  
  78  6:58  SCV  
  75  7:01  SCV  
  74  7:09  Marine  
  74  7:10  SCV  
  74  7:13  SCV  
  74  7:15  Barracks Reactor  
  78  7:25  SCV  
  79  7:36  Marine  
  79  7:37  SCV, Marine  
  79  7:39  Terran Infantry Armor Level 1, Terran Infantry Weapons Level 1  
  79  7:40  Supply Depot  
  82  7:45  Factory  
  82  7:46  Barracks Tech Lab  
  81  7:53  Supply Depot  
  81  7:56  Supply Depot x2, Refinery  
  81  7:58  Refinery  
  81  8:01  Command Center, Marine x4  
  81  8:02  Marauder  
  81  8:03  Supply Depot  
  81  8:04  SCV  
  88  8:11  Medivac x2, Barracks  
  92  8:15  SCV  
  93  8:24  Marauder  
  95  8:27  Supply Depot, Marine  
  95  8:28  Marine x4  
  95  8:29  SCV  
  95  8:31  SCV  
  95  8:33  SCV  
  103  8:38  Command Center  
  102  8:41  SCV  
  102  8:44  SCV  
  92  8:52  Factory Tech Lab  
  92  8:53  SCV  
  89  8:57  SCV  
  89  8:59  Barracks  
  80  9:05  SCV  
  80  9:09  SCV  
  74  9:10  Marine x3  
  74  9:17  SCV, Siege Tank  
  74  9:21  SCV  
  70  9:28  Marine x3  
  70  9:30  SCV  
  73  9:33  SCV  
  73  9:36  Marine x2  
  72  9:42  SCV  
Show
View Real Time Build Order
Export as new Build Order

DoHMaN Zerg - Winner!

Build Orders: Pool First 

Get SALT Encoding   

  12  0:00  Drone  
  13  0:16  Overlord  
  13  0:18  Drone  
  14  0:35  Drone x2  
  16  0:39  Drone  
  17  0:47  Spawning Pool  
  16  0:50  Drone  
  17  1:14  Hatchery, Drone  
  17  1:19  Extractor  
  17  1:21  Drone  
  17  1:23  Drone  
  18  1:36  Drone  
  19  1:43  Drone  
  20  1:53  Drone  
  21  2:04  Overlord  
  21  2:15  Drone  
  22  2:22  Queen  
  24  2:23  Metabolic Boost  
  24  2:34  Drone  
  24  2:35  Drone  
  26  2:38  Drone  
  26  2:40  Drone  
  28  2:57  Queen  
  30  3:02  Zergling x4  
  31  3:31  Drone x4  
  31  3:32  Drone, Overlord  
  35  3:42  Overlord  
  35  3:43  Overlord  
  35  3:46  Drone  
  36  3:56  Drone  
  36  3:58  Roach Warren  
  36  3:59  Lair  
  36  4:09  Zergling x2  
  37  4:28  Drone x5  
  42  4:42  Drone x2  
  44  4:50  Roach x3  
  44  4:51  Roach  
  52  4:57  Hatchery  
  55  5:00  Roach x4  
  55  5:06  Overlord x2  
  55  5:07  Overlord  
  59  5:16  Drone  
  59  5:17  Extractor  
  59  5:18  Queen  
  59  5:19  Extractor  
  59  5:20  Extractor  
  59  5:29  Evolution Chamber, Glial Reconstitution  
  59  5:30  Evolution Chamber  
  59  5:33  Overlord  
  59  5:35  Drone  
  58  5:42  Drone x3  
  61  5:46  Drone x2  
  63  5:53  Roach x2  
  63  5:54  Queen  
  69  6:07  Roach x4  
  73  6:21  Roach x4  
  73  6:25  Roach  
  83  6:26  Roach, Overlord  
  85  6:37  Overlord  
  85  6:39  Roach x3  
  93  6:40  Roach  
  93  6:41  Drone  
  94  6:48  Tunneling Claws  
  94  6:51  Roach x3  
  94  7:06  Roach x4  
  102  7:10  Drone x2  
  104  7:16  Spore Crawler  
  104  7:22  Spore Crawler  
  102  7:30  Spore Crawler, Drone  
  102  7:31  Drone x6  
  102  7:36  Drone x2  
  110  7:41  Zerg Missile Weapons Level 1  
  110  7:43  Drone  
  111  7:49  Extractor  
  111  7:50  Drone x2  
  112  8:00  Zerg Ground Armor Level 1  
  112  8:02  Overlord  
  112  8:04  Roach  
  114  8:10  Overlord x2  
  114  8:29  Hydralisk Den  
  104  8:51  Roach  
  104  8:52  Roach x11  
  126  8:58  Zergling x2  
  126  8:59  Zergling x4  
  109  9:12  Zergling x2  
  102  9:25  Roach  
  102  9:28  Drone  
  102  9:29  Roach x3  
  109  9:38  Drone  
  108  9:39  Drone  
  108  9:40  Drone  
  108  9:43  Drone x2  
Tags
 
Add a new tag
Caveats
  • Supply blocks, unpowered buildings, or Contaminate may cause inaccurate times.
  • Supply counts are checked every 10 seconds.